 Dungeon Crawl Stone Soup version 0.21-a0-521-g1cd18d1148 (webtiles) character file.

541 Ivernyr the Ogre Mage (level 7, 0/71 HPs)
             Began as an Ogre Wizard on Dec 5, 2017.
             Slain by an ogre
             ... wielding a +0 giant spiked club
              (31 damage)
             ... on level 4 of the Dungeon.
             The game lasted 00:32:39 (6518 turns).

Ivernyr the Ogre Mage (Ogre Wizard)                 Turns: 6518, Time: 00:32:39

Health: 0/71       AC:  3    Str: 12    XL:     7   Next: 26%
Magic:  15/17      EV: 10    Int: 21    God:
Gold:   150        SH:  0    Dex:  7    Spells: 10/19 levels left

rFire    . . .     SeeInvis .   t - +0 trident
rCold    . . .     Gourm    .   (no shield)
rNeg     . . .     Faith    .   a - +0 robe
rPois    .         Spirit   .   b - +0 hat
rElec    .         Reflect  .   (no cloak)
rCorr    .         Harm     .   (gloves unavailable)
MR       .....                  (boots unavailable)
Stlth    +.........             (no amulet)
HPRegen  0.21/turn              (no ring)
MPRegen  0.15/turn              (no ring)

@: no status effects
A: large, unfitting armour, tough skin 1
a: no special abilities


You were on level 4 of the Dungeon.
You were hungry.

You visited 1 branch of the dungeon, and saw 4 of its levels.

You collected 150 gold pieces.

Inventory:

Hand Weapons
 t - a +0 trident (weapon)
Armour
 a - a +0 robe (worn)
 b - a +0 hat (worn)
Scrolls
 e - 4 scrolls of enchant armour {unknown}
 g - 4 scrolls of teleportation {unknown}
 h - a scroll of random uselessness {unknown}
 i - a scroll of blinking {unknown}
 k - 8 scrolls of identify {unknown}
 r - a scroll of remove curse {unknown}
 s - a scroll of enchant weapon {unknown}
Potions
 j - 2 potions of might {unknown}
 l - 2 potions of heal wounds {unknown}
 m - 4 potions of curing {unknown}
 n - 2 potions of invisibility {unknown}
 o - a potion of degeneration {unknown}
 p - a potion of berserk rage {unknown}
 q - a potion of flight {unknown}
 w - a potion of mutation {unknown}
 x - a potion of brilliance {unknown}
Books
 c - a book of Minor Magic

   Spells                             Type                      Level
   a - Magic Dart                     Conjuration                  1
   b - Blink                          Translocation                2
   c - Call Imp                       Summoning                    2
   d - Slow                           Hexes                        2
   e - Conjure Flame                  Conjuration/Fire             3
   f - Mephitic Cloud                 Conjuration/Poison/Air       3
Comestibles
 d - 5 bread rations
 f - 2 royal jellies
 u - a meat ration
 v - 2 fruits


   Skills:
 + Level 4.4 Fighting
 - Level 2.0 Dodging
 - Level 1.4 Stealth
 * Level 6.9 Spellcasting
 + Level 3.3 Conjurations
   Level 0.8 Summonings
 - Level 0.8 Translocations


You had 10 spell levels left.
You knew the following spells:

 Your Spells              Type           Power        Failure   Level  Hunger
a - Magic Dart            Conj           ###.         2%          1    None
b - Blink                 Tloc           N/A          10%         2    None
c - Conjure Flame         Conj/Fire      ##......     14%         3    #......
d - Mephitic Cloud        Conj/Pois/Air  ##......     17%         3    #......


Dungeon Overview and Level Annotations

Branches:
Dungeon (4/15)
 Temple: D:4-7

Altars:
Vehumet
Xom
Zin

Annotations:
D:4 Pikel


Innate Abilities, Weirdness & Mutations

You are too large for most types of armour.
You have tough skin. (AC +1)


Message History

The slave hits you. The slave hits you. The slave hits you.
Pikel cracks his whip.
The slave closely misses you. The slave barely misses you.
The slave barely misses you. The slave hits you! The slave misses you.
Pikel says, "Slavery isn't that bad."
The slave hits you but does no damage.
Pikel says, "Slavery isn't that bad."
Pikel says, "You'll fetch a fair price!"
You see here a dagger.
Pikel says, "You'll fetch a fair price!"
The ogre shouts!
The ogre hits you with a giant spiked club!
You are feeling hungry.
The ogre hits you with a giant spiked club!!
You die...

... ###...######.##.# ...
#...##........### #.#
#...##.###.#..#.. ### #.#
#...##.##........ ..#####.####
#.(..............
..##.)...p.######...##...........
..##.##.##.K..............#...#..
..K.....##.....O...........([##..
........###....p@........)......#
........# #######.........##..###
.......## #...##........#
##.....# #...#########.# .....###
#...# #.# ####.# #...# #.###
####.# #...# #.... .....#
######.## #.### ####.# #......#
#.#..


You could see Pikel, an ogre and 2 slaves.

Vanquished Creatures
  2 phantoms (D:4)
  A bullfrog (D:3)
  A hound (D:4)
  2 iguanas (D:4)
  An orc wizard (D:3)
  A worker ant (D:4)
  10 adders
  3 worms (D:3)
  2 dart slugs (D:1)
  2 leopard geckos (D:4)
  4 orcs
  11 bats
  4 giant cockroaches
  6 goblins
  3 hobgoblins
  7 jackals
  3 kobolds
  A quokka (D:4)
  A ball python (D:3)
  3 frilled lizards
  A jackal skeleton (D:4)
  9 rats
78 creatures vanquished.

Notes
Turn   | Place    | Note
-------+----------+-------------------------------------------
     0 | D:1      | Ivernyr the Ogre Wizard began the quest for the Orb.
     0 | D:1      | Reached XP level 1. HP: 16/16 MP: 5/5
    31 | D:1      | Reached skill level 1 in Conjurations
   348 | D:1      | Reached XP level 2. HP: 24/24 MP: 4/6
   371 | D:1      | Learned a level 2 spell: Blink
   510 | D:1      | Reached skill level 4 in Spellcasting
   596 | D:1      | HP: 1/24 [dart slug/slug dart (1)]
  1459 | D:2      | Reached XP level 3. HP: 32/32 MP: 4/8
  1645 | D:2      | Reached skill level 1 in Fighting
  1730 | D:2      | Found a shimmering altar of Xom.
  1839 | D:2      | You fall through a shaft!
  1928 | D:3      | Learned a level 3 spell: Conjure Flame
  1932 | D:3      | Learned a level 3 spell: Mephitic Cloud
  1943 | D:3      | Reached XP level 4. HP: 42/42 MP: 4/10
  2349 | D:3      | Reached skill level 5 in Spellcasting
  3014 | D:2      | Reached XP level 5. HP: 46/50 MP: 7/12
  3310 | D:2      | Found a glowing silver altar of Zin.
  4276 | D:4      | Reached XP level 6. HP: 14/61 MP: 0/14
  4477 | D:4      | Noticed a phantom
  4617 | D:4      | Killed a phantom
  4617 | D:4      | Reached skill level 6 in Spellcasting
  4896 | D:4      | Noticed a phantom
  4980 | D:4      | Killed a phantom
  5135 | D:4      | Reached XP level 7. HP: 70/70 MP: 10/16
  6052 | D:4      | Found a radiant altar of Vehumet.
  6355 | D:4      | Noticed Pikel
  6518 | D:4      | Slain by an ogre

Vault maps used:
D:1:      minmay_arrival_semitransparent, minmay_hedge_maze
D:2:      old_standard_altar, nicolae_overflow_hidden_temple, first_bread,
          grunt_ministairs_4
D:4:      kennysheep_little_box, uniq_pikel

Skill      XL: |  1  2  3  4  5  6 |
---------------+-------------------+-----
Conjurations   | 1 2 3 |  3.3
Dodging        | 2 |  2.0
Spellcasting   | 4 5 6 |  6.9
Fighting       | 1 2 3 4 |  4.4
Stealth        | |  1.4
Summonings     | |  0.8
Translocations | |  0.8

Action                   |  1- 3 |  4- 6 |  7- 9 || total
-------------------------+-------+-------+-------++-------
Melee: Unarmed           |    40 |     5 |       ||    45
       Trident           |       |   115 |   111 ||   226
 Cast: Magic Dart        |    73 |   125 |    28 ||   226
       Conjure Flame     |       |    15 |    12 ||    27
       Blink             |       |     3 |     6 ||     9
  Eat: Chunk             |     3 |     3 |     6 ||    12
       Meat ration       |       |     1 |       ||     1
       Fruit             |       |     1 |       ||     1
Armor: Robe              |    30 |    23 |    16 ||    69
Dodge: Dodged            |    37 |    36 |    43 ||   116

Table legend:
 A = Spawn XP
 B = Non-spawn XP
 C = Spawn XP percentage of total XP
 D = Spawn monster count
 E = Non-spawn monster count
 F = Spawn count percentage of total count
 G = Total turns spent on level
                    A         B        C        D         E        F      G
               +---------+---------+-------+---------+---------+-------+---------
         Total |       0 |     774 |   0.0 |       0 |      78 |   0.0 |  6518
               +---------+---------+-------+---------+---------+-------+---------
           D:1 |       0 |      31 |   0.0 |       0 |      17 |   0.0 |  1413
           D:2 |       0 |      72 |   0.0 |       0 |      17 |   0.0 |  1473
           D:3 |       0 |     211 |   0.0 |       0 |      24 |   0.0 |  1713
           D:4 |       0 |     460 |   0.0 |       0 |      20 |   0.0 |  1919
               +---------+---------+-------+---------+---------+-------+---------
